[Event "January 2 Late 2024"]
[Site "https://www.chess.com"]
[Date "2024.01.02"]
[Round "6"]
[White "Vanek, Tomas"]
[Black "Smirnov, Timofey"]
[Result "1-0"]
[Board "189"]
[TimeControl "180+1"]
[WhiteFideId "313459"]
[BlackFideId "24176427"]
[WhiteElo "2266"]
[BlackElo "1992"]
[WhiteTeam "CZE"]
[BlackTeam "RUS"]
[WhiteClock "0:02:03"]
[BlackClock "0:00:51"]

1. e4 e5 2. Nc3 Nf6 3. f4 d5 4. fxe5 Nxe4 5. Nf3 Bg4 6. Qe2 Nxc3 7. dxc3 Bxf3 8. gxf3 Qh4+ 9. Qf2 Qxf2+ 10. Kxf2 Nc6 11. Bb5 O-O-O 12. Bxc6 bxc6 13. Be3 c5 14. Rad1 d4 15. cxd4 cxd4 16. Rxd4 Be7 17. Rhd1 Bh4+ 18. Ke2 Rde8 19. Rxh4 Rxe5 20. Re4 Rg5 1-0

[Event "January 2 Late 2024"]
[Site "https://www.chess.com"]
[Date "2024.01.02"]
[Round "6"]
[White "Delgado Kuffo, Andres"]
[Black "Alves Campelo, Danilo Cesar De L"]
[Result "1-0"]
[Board "190"]
[TimeControl "180+1"]
[WhiteFideId "3600475"]
[BlackFideId "2123657"]
[WhiteElo "2265"]
[BlackElo "1942"]
[WhiteTeam "ECU"]
[BlackTeam "BRA"]
[WhiteClock "0:00:38"]
[BlackClock "0:00:33"]

1. e4 e6 2. d4 d5 3. e5 c5 4. c3 Nc6 5. Nf3 Qb6 6. Bd3 Bd7 7. a3 a5 8. Bc2 cxd4 9. cxd4 Rc8 10. Nc3 Nge7 11. O-O Ng6 12. h4 Na7 13. h5 Ne7 14. Rb1 Bb5 15. Re1 Nec6 16. Be3 Be7 17. Na4 Bxa4 18. Bxa4 O-O 19. Bc2 f6 20. exf6 Bxf6 21. Qd3 Kf7 22. Qxh7 Rh8 23. Qg6+ Ke7 24. Bg5 Rcf8 25. Qxg7+ Ke8 26. Bxf6 Rfg8 27. Bg6# 1-0

[Event "January 2 Late 2024"]
[Site "https://www.chess.com"]
[Date "2024.01.02"]
[Round "6"]
[White "Burke, Paul"]
[Black "Sarkar, Justin"]
[Result "1/2-1/2"]
[Board "191"]
[TimeControl "180+1"]
[WhiteFideId "2605767"]
[BlackFideId "2010011"]
[WhiteElo "1928"]
[BlackElo "2261"]
[WhiteTeam "CAN"]
[BlackTeam "USA"]
[WhiteClock "0:02:43"]
[BlackClock "0:01:35"]

1. e4 c5 2. d4 cxd4 3. c3 dxc3 4. Nxc3 Nc6 5. Nf3 Nf6 6. Bd3 d6 7. h3 g6 8. Qe2 Bg7 9. Bf4 O-O 10. Rd1 Qa5 11. O-O Ne5 12. Nxe5 dxe5 13. Bd2 Qb6 14. Be3 Qa5 15. Bd2 Qb6 16. Be3 Qa5 17. Bd2 1/2-1/2

[Event "January 2 Late 2024"]
[Site "https://www.chess.com"]
[Date "2024.01.02"]
[Round "6"]
[White "Thake, Conrad"]
[Black "Harish, Neeraj"]
[Result "0-1"]
[Board "192"]
[TimeControl "180+1"]
[WhiteFideId "5602947"]
[BlackFideId "30958130"]
[WhiteElo "1890"]
[BlackElo "2257"]
[WhiteTeam "MLT"]
[BlackTeam "USA"]
[WhiteClock "0:00:00"]
[BlackClock "0:01:07"]

1. e4 c5 2. Nf3 Nc6 3. c3 Nf6 4. Bd3 e5 5. O-O d5 6. exd5 Qxd5 7. Bc2 Be7 8. Re1 O-O 9. d3 Bg4 10. Nbd2 Rad8 11. h3 Bh5 12. Ne4 Nxe4 13. dxe4 Qe6 14. Qe2 Qf6 15. Bg5 Bxf3 16. Bxf6 Bxe2 17. Bxe7 Nxe7 18. Rxe2 Rd6 19. Kf1 Rfd8 20. Ke1 Ng6 21. g3 h5 22. Rd1 Rxd1+ 23. Bxd1 h4 24. Rd2 Rxd2 25. Kxd2 hxg3 26. fxg3 Kf8 27. Bb3 Ke7 28. Ke3 f6 29. Bd5 b6 30. a3 Nf8 31. b4 cxb4 32. axb4 Kd6 33. Kf3 a5 34. bxa5 bxa5 35. h4 a4 36. g4 a3 37. g5 fxg5 38. hxg5 Ng6 39. Ba2 Nf4 40. Ke3 Ne6 41. g6 Nf4 42. Bf7 Nxg6 43. Kd2 Nf4 44. Kc2 g5 45. Kb3 g4 46. Bc4 g3 47. Bf1 g2 48. Bxg2 Nxg2 49. Kxa3 Kc5 50. Kb3 Nf4 51. Kc2 Kc4 52. Kd2 Ne6 53. Kc2 Nc5 0-1

[Event "January 2 Late 2024"]
[Site "https://www.chess.com"]
[Date "2024.01.02"]
[Round "6"]
[White "Pepino, Enrico"]
[Black "Gulamirian, Korun"]
[Result "1-0"]
[Board "194"]
[TimeControl "180+1"]
[WhiteFideId "810908"]
[BlackFideId "4144899"]
[WhiteElo "2058"]
[BlackElo "1602"]
[WhiteTeam "ITA"]
[BlackTeam "RUS"]
[WhiteClock "0:01:47"]
[BlackClock "0:01:19"]

1. e4 e5 2. Nf3 Nc6 3. d4 exd4 4. Nxd4 Bc5 5. Be3 Qf6 6. c3 Nge7 7. g3 Bb6 8. Bg2 O-O 9. O-O d6 10. a4 Ne5 11. Na3 a6 12. Qe2 Bg4 13. f3 Bd7 14. Ndc2 Bxe3+ 15. Nxe3 Bxa4 16. f4 Nd7 17. Nac4 Bb5 18. b3 Qxc3 19. Rab1 Rae8 20. Rfc1 Qb4 21. Qf2 Nc5 22. Nc2 Qc3 23. N2a3 Qe3 24. Qxe3 1-0

[Event "January 2 Late 2024"]
[Site "https://www.chess.com"]
[Date "2024.01.02"]
[Round "6"]
[White "Anna20240"]
[Black "Reinecke, Katharina"]
[Result "0-1"]
[Board "195"]
[TimeControl "180+1"]
[BlackFideId "12929727"]
[WhiteElo "1875"]
[BlackElo "2019"]
[BlackTeam "GER"]
[WhiteClock "0:00:00"]
[BlackClock "0:00:39"]

1. d4 d5 2. c4 c6 3. Nf3 Nf6 4. g3 Bg4 5. Bg2 Bxf3 6. Bxf3 e6 7. Nd2 Be7 8. O-O O-O 9. b3 a6 10. Bb2 b5 11. cxd5 cxd5 12. e4 Nc6 13. Bg2 Rc8 14. Rc1 Qb6 15. e5 Nd7 16. Nf3 Nb4 17. a3 Rxc1 18. Bxc1 Nc6 19. b4 a5 20. Bd2 axb4 21. axb4 Bxb4 22. Bxb4 Nxb4 23. Qd2 Nc6 24. Rb1 b4 25. Qd3 Ra8 26. Rb3 Ra1+ 27. Bf1 Na5 28. Rb2 Nc4 29. Rb3 g6 30. Nd2 Nxd2 31. Qxd2 Qb5 32. Qd3 Qxd3 33. Rxd3 Rb1 34. Kg2 b3 35. Rc3 Nb6 36. Rc6 Nc4 37. Bxc4 dxc4 0-1

[Event "January 2 Late 2024"]
[Site "https://www.chess.com"]
[Date "2024.01.02"]
[Round "6"]
[White "Hilby, Craig"]
[Black "Dias, Joao Batista"]
[Result "0-1"]
[Board "196"]
[TimeControl "180+1"]
[WhiteFideId "2062674"]
[BlackFideId "2108240"]
[WhiteElo "2664"]
[BlackElo "1985"]
[WhiteTeam "USA"]
[BlackTeam "BRA"]
[WhiteClock "0:00:55"]
[BlackClock "0:01:05"]

1. d4 d5 2. Bg5 Bf5 3. e3 Nf6 4. Bxf6 gxf6 5. c4 c6 6. Nc3 e6 7. Nge2 Nd7 8. Ng3 Bg6 9. h4 h5 10. Bd3 Bd6 11. Bxg6 fxg6 12. Nce2 Kf7 13. O-O dxc4 14. e4 Bxg3 15. Nxg3 Qa5 16. f4 Rad8 17. f5 exf5 18. exf5 Nf8 19. Qe2 Rxd4 20. fxg6+ Nxg6 21. Nxh5 Qxh5 22. Qe3 Qxh4 23. Rae1 Qh2+ 24. Kf2 Rf4+ 25. Ke2 Re8 0-1

[Event "January 2 Late 2024"]
[Site "https://www.chess.com"]
[Date "2024.01.02"]
[Round "6"]
[White "Kubatko, Ivan"]
[Black "Lievano Alvarado, Luis"]
[Result "0-1"]
[Board "197"]
[TimeControl "180+1"]
[WhiteFideId "24111473"]
[BlackFideId "6700365"]
[WhiteElo "2337"]
[BlackElo "2106"]
[WhiteTeam "RUS"]
[BlackTeam "ESA"]
[WhiteClock "0:00:45"]
[BlackClock "0:02:32"]

1. e4 e5 2. d4 exd4 3. c3 d5 4. exd5 Qxd5 5. cxd4 Nc6 6. Nf3 Bg4 7. Be2 Bb4+ 8. Nc3 Bxf3 9. Bxf3 Qc4 10. d5 Bxc3+ 11. bxc3 Qxc3+ 12. Bd2 Qe5+ 13. Qe2 Qxe2+ 14. Bxe2 Nd4 15. Bd3 Ne7 16. Bc3 c5 17. dxc6 Nexc6 18. O-O O-O 19. Be4 Ne2+ 0-1

[Event "January 2 Late 2024"]
[Site "https://www.chess.com"]
[Date "2024.01.02"]
[Round "6"]
[White "De Souza, Arthur Olintho"]
[Black "Sarquis, Maria Belen"]
[Result "1-0"]
[Board "198"]
[TimeControl "180+1"]
[WhiteFideId "2116200"]
[BlackFideId "111805"]
[WhiteElo "2065"]
[BlackElo "2308"]
[WhiteTeam "BRA"]
[BlackTeam "ARG"]
[WhiteClock "0:00:24"]
[BlackClock "0:00:06"]

1. e4 e5 2. Nf3 Nc6 3. d4 exd4 4. Nxd4 Bc5 5. Nxc6 Qf6 6. Qd2 dxc6 7. Nc3 Bd7 8. Qf4 O-O-O 9. Qxf6 Nxf6 10. Bg5 Rhe8 11. Bxf6 gxf6 12. Bd3 f5 13. O-O fxe4 14. Nxe4 Bd4 15. c3 Bb6 16. Nf6 Re7 17. Bxh7 Be6 18. Rad1 Bc5 19. Rxd8+ Kxd8 20. Rd1+ Kc8 21. Ne4 Bb6 22. a3 a5 23. b4 a4 24. Ng5 Bg4 25. Rc1 Re2 26. Ne4 f5 27. Nc5 Ra2 28. h3 Be2 29. Bxf5+ Kb8 30. Nd7+ Ka7 31. Nxb6 Kxb6 32. g4 Rxa3 33. Be6 c5 34. g5 c4 35. g6 Bd3 36. g7 Bh7 37. Bxc4 c5 38. g8=Q Bxg8 39. Bxg8 1-0

[Event "January 2 Late 2024"]
[Site "https://www.chess.com"]
[Date "2024.01.02"]
[Round "6"]
[White "Oliveira, Tiago Batista"]
[Black "Ivanov, Svetlen"]
[Result "1-0"]
[Board "199"]
[TimeControl "180+1"]
[WhiteFideId "2108291"]
[BlackFideId "2924269"]
[WhiteElo "2016"]
[BlackElo "2300"]
[WhiteTeam "BRA"]
[BlackTeam "BUL"]
[WhiteClock "0:00:08"]
[BlackClock "0:00:01"]

1. d4 Nf6 2. c4 e6 3. g3 d5 4. Bg2 Be7 5. Nf3 O-O 6. O-O c6 7. Nbd2 Nbd7 8. Qc2 b6 9. Rd1 Bb7 10. e4 dxe4 11. Nxe4 Nxe4 12. Qxe4 Nf6 13. Qc2 Qc7 14. c5 Nd5 15. Bg5 Rfd8 16. Rac1 h6 17. Bd2 bxc5 18. dxc5 e5 19. Qf5 Bf6 20. Bxh6 Bc8 21. Qh5 gxh6 22. Nd2 Bg7 23. Ne4 Be6 24. Nd6 Qe7 25. Be4 Qg5 26. Qf3 Rd7 27. h4 Qg4 28. Qd3 Rb8 29. Rc4 Rxb2 30. Bh7+ Kf8 31. Rxg4 Bxg4 32. Rb1 Rxb1+ 33. Qxb1 Ke7 34. Bf5 Nc3 35. Qb3 Bxf5 36. Qxf7+ Kd8 37. Qxf5 Nd5 38. Qh7 Kc7 39. Qg8 e4 40. Qc8# 1-0

[Event "January 2 Late 2024"]
[Site "https://www.chess.com"]
[Date "2024.01.02"]
[Round "6"]
[White "HouseOfDurin"]
[Black "Winkels, Marcel"]
[Result "1-0"]
[Board "200"]
[TimeControl "180+1"]
[BlackFideId "1003887"]
[WhiteElo "2227"]
[BlackElo "2004"]
[BlackTeam "NED"]
[WhiteClock "0:01:40"]
[BlackClock "0:00:25"]

1. d4 d6 2. Bg5 h6 3. Bh4 g5 4. Bg3 Bg7 5. e3 Nf6 6. Bd3 O-O 7. c4 Nc6 8. a3 e5 9. dxe5 dxe5 10. Nc3 Re8 11. Nd5 Nxd5 12. cxd5 Ne7 13. e4 Ng6 14. h4 c6 15. hxg5 hxg5 16. Qh5 Nf4 17. Qh7+ Kf8 18. O-O-O Qf6 19. Nf3 Ke7 20. Bxf4 exf4 21. e5 1-0

[Event "January 2 Late 2024"]
[Site "https://www.chess.com"]
[Date "2024.01.02"]
[Round "6"]
[White "Vargas, Mauricio"]
[Black "yujiarun18"]
[Result "0-1"]
[Board "201"]
[TimeControl "180+1"]
[WhiteFideId "4404572"]
[WhiteElo "1833"]
[BlackElo "2151"]
[WhiteTeam "COL"]
[WhiteClock "0:00:00"]
[BlackClock "0:00:52"]

1. e4 c5 2. Nc3 Nc6 3. f4 g6 4. Nf3 Bg7 5. g3 d6 6. Bg2 Nf6 7. d3 O-O 8. O-O b6 9. h3 Bb7 10. Nd5 Nxd5 11. exd5 Nb8 12. c4 Nd7 13. Rb1 a6 14. Qe1 b5 15. g4 Nb6 16. b3 Qd7 17. Qh4 e6 18. f5 exf5 19. Bh6 fxg4 20. Ng5 Bxh6 21. Qxh6 f6 22. Ne6 Rf7 23. hxg4 Re8 24. Rbe1 bxc4 25. dxc4 Nc8 26. Rf2 Kh8 27. Be4 Ne7 28. g5 f5 29. Bd3 Ng8 30. Qh2 h6 31. gxh6 Rh7 32. Qg3 Rxh6 33. Bc2 Qh7 34. Qc3+ Nf6 35. Qxf6+ Kg8 36. Rg2 Rh1+ 37. Kf2 Rh6 0-1

[Event "January 2 Late 2024"]
[Site "https://www.chess.com"]
[Date "2024.01.02"]
[Round "6"]
[White "Ferriz Barrios, Andres"]
[Black "Vargas Pereda, Jesus Manue"]
[Result "1-0"]
[Board "202"]
[TimeControl "180+1"]
[WhiteFideId "5104467"]
[BlackFideId "5115710"]
[WhiteElo "2138"]
[BlackElo "1769"]
[WhiteTeam "MEX"]
[BlackTeam "MEX"]
[WhiteClock "0:02:29"]
[BlackClock "0:01:57"]

1. e4 c6 2. c4 d5 3. cxd5 cxd5 4. exd5 Nf6 5. Nc3 g6 6. g3 Bg7 7. Bg2 O-O 8. Nge2 Nbd7 9. O-O Nb6 10. Nf4 g5 11. Nh5 Nfxd5 12. Nxg7 Kxg7 13. d4 Bf5 14. Bxg5 Bg6 15. Re1 Nf6 16. Qd2 Kh8 17. Qf4 Nc4 18. Rxe7 1-0

[Event "January 2 Late 2024"]
[Site "https://www.chess.com"]
[Date "2024.01.02"]
[Round "7"]
[White "Sanal, Vahap"]
[Black "Nakamura, Hikaru"]
[Result "0-1"]
[Board "1"]
[TimeControl "180+1"]
[WhiteFideId "6300545"]
[BlackFideId "2016192"]
[WhiteElo "2907"]
[BlackElo "3283"]
[WhiteTeam "TUR"]
[BlackTeam "USA"]
[WhiteClock "0:00:03"]
[BlackClock "0:00:28"]

1. e4 c5 2. Nf3 e6 3. d4 cxd4 4. Nxd4 a6 5. Nc3 Qc7 6. g3 Nf6 7. Bg2 Nc6 8. O-O Nxd4 9. Qxd4 Bc5 10. Bf4 d6 11. Qd2 h6 12. Rad1 e5 13. Be3 Bxe3 14. fxe3 Be6 15. Qxd6 Rc8 16. Rf2 Qc5 17. Qxc5 Rxc5 18. Nd5 Nd7 19. c3 f6 20. Rfd2 Kf7 21. Bf3 Rhc8 22. h4 g6 23. h5 g5 24. g4 Nb8 25. Kg2 Rd8 26. Kg3 Rc6 27. Be2 Rcd6 28. Rf1 Nd7 29. Bc4 Kg7 30. Rfd1 Nc5 31. Kf3 b5 32. Bb3 Bf7 33. Bc2 f5 34. gxf5 Bxh5+ 35. Kg3 Bxd1 36. Rxd1 Nd7 37. Nc7 Rxd1 38. Bxd1 Nc5 39. Bh5 Nxe4+ 40. Kf3 Nd2+ 41. Ke2 Kf6 42. Ne6 Rd5 43. Nc7 Rd7 44. Ne8+ Kxf5 45. Bg4+ Kxg4 46. Nf6+ Kf5 47. Nxd7 Ne4 48. Nb8 h5 49. Nxa6 h4 50. Nb4 h3 51. Kf1 g4 52. Nd3 g3 53. Ne1 h2 54. Kg2 Nf2 0-1

[Event "January 2 Late 2024"]
[Site "https://www.chess.com"]
[Date "2024.01.02"]
[Round "7"]
[White "Nihal Sarin"]
[Black "Caruana, Fabiano"]
[Result "0-1"]
[Board "2"]
[TimeControl "180+1"]
[WhiteFideId "25092340"]
[BlackFideId "2020009"]
[WhiteElo "3213"]
[BlackElo "3048"]
[WhiteTeam "IND"]
[BlackTeam "USA"]
[WhiteClock "0:00:17"]
[BlackClock "0:00:21"]

1. d4 Nf6 2. c4 e6 3. Nf3 d5 4. Nc3 Bb4 5. e3 O-O 6. Bd2 Nbd7 7. Be2 dxc4 8. O-O Nb6 9. Ne5 c5 10. dxc5 Bxc5 11. Nxc4 Nxc4 12. Bxc4 b6 13. Qe2 Bb7 14. Rfd1 Qc7 15. a3 a6 16. h3 b5 17. Bd3 Qe5 18. Rac1 Rfd8 19. Be1 Qg5 20. Qf1 Bb6 21. Bb1 g6 22. Rxd8+ Rxd8 23. Rd1 Rxd1 24. Nxd1 Bc7 25. Bc3 Ne4 26. f4 Qd5 27. Bd4 Nd2 28. Nc3 Qxd4 29. exd4 Nxf1 30. Kxf1 Bxf4 31. Ba2 Bc1 32. Nd1 Kf8 33. g3 Ke7 34. Ke2 Be4 35. Bb3 Kd6 36. Nf2 Bb1 37. Nd3 Bxd3+ 38. Kxd3 Bxb2 39. a4 f5 40. axb5 axb5 41. Ba2 Bc1 42. Bb3 Bg5 43. Ke2 Bd8 44. Kd3 h5 45. Ke3 Bb6 46. Kd3 Bc7 47. Ke3 Ke7 48. g4 fxg4 49. hxg4 hxg4 50. Ke4 g3 51. Kf3 b4 52. Bc4 g5 53. Bb3 Bf4 54. Bc4 Kd6 55. Bb3 e5 0-1

[Event "January 2 Late 2024"]
[Site "https://www.chess.com"]
[Date "2024.01.02"]
[Round "7"]
[White "Bluebaum, Matthias"]
[Black "Kollars, Dmitrij"]
[Result "1/2-1/2"]
[Board "3"]
[TimeControl "180+1"]
[WhiteFideId "24651516"]
[BlackFideId "12909572"]
[WhiteElo "3030"]
[BlackElo "3007"]
[WhiteTeam "GER"]
[BlackTeam "GER"]
[WhiteClock "0:01:45"]
[BlackClock "0:01:44"]

1. d4 Nf6 2. c4 e6 3. Nc3 Bb4 4. e3 O-O 5. Bd2 b6 6. Nf3 Bb7 7. Bd3 c5 8. a3 Bxc3 9. Bxc3 cxd4 10. Nxd4 d5 11. O-O Nbd7 12. Be2 h6 13. Rc1 Rc8 14. Bb4 Nc5 15. Nb3 Nfe4 16. f3 Nxb3 17. Qxb3 Nc5 18. Qd1 Qg5 19. Bd2 dxc4 20. e4 Qe5 21. Bc3 Qf4 22. Bd2 Qe5 23. Bc3 Qg5 24. Bd2 Qe5 1/2-1/2

[Event "January 2 Late 2024"]
[Site "https://www.chess.com"]
[Date "2024.01.02"]
[Round "7"]
[White "Vachier-Lagrave, Maxime"]
[Black "Le, Tuan Minh"]
[Result "0-1"]
[Board "4"]
[TimeControl "180+1"]
[WhiteFideId "623539"]
[BlackFideId "12401153"]
[WhiteElo "3193"]
[BlackElo "3013"]
[WhiteTeam "FRA"]
[BlackTeam "VIE"]
[WhiteClock "0:00:06"]
[BlackClock "0:00:12"]

1. e4 e5 2. Nf3 Nc6 3. Bb5 a6 4. Ba4 Bc5 5. c3 Nge7 6. O-O Ng6 7. d4 Ba7 8. Bb3 O-O 9. Bg5 Qe8 10. Re1 d6 11. Na3 Bg4 12. Nc2 h6 13. Be3 Nh4 14. Nxh4 Bxd1 15. Raxd1 exd4 16. Bxd4 Nxd4 17. cxd4 Qd7 18. Ne3 Rfe8 19. Nef5 Kh7 20. Nf3 g6 21. Ng3 Re7 22. h4 Rae8 23. e5 d5 24. h5 Kg7 25. Bc2 c5 26. dxc5 Bxc5 27. Bb3 Rd8 28. hxg6 fxg6 29. Rd3 Qg4 30. Kf1 h5 31. Rc1 Bb6 32. Bxd5 Red7 33. Rc4 Rxd5 34. Rxg4 hxg4 35. Rxd5 Rxd5 36. Nh2 Rxe5 37. Nxg4 Ra5 38. a3 Bd4 39. b4 Rxa3 40. Ne4 Rb3 41. Ke2 Rxb4 42. Kd3 a5 43. Ng5 Bf6 44. Ne4 Bb2 45. Ne3 a4 46. Nc2 Rb6 0-1

[Event "January 2 Late 2024"]
[Site "https://www.chess.com"]
[Date "2024.01.02"]
[Round "7"]
[White "Firouzja, Alireza"]
[Black "Matlakov, Maxim"]
[Result "1-0"]
[Board "5"]
[TimeControl "180+1"]
[WhiteFideId "12573981"]
[BlackFideId "4168003"]
[WhiteElo "3158"]
[BlackElo "2969"]
[WhiteTeam "FRA"]
[BlackTeam "RUS"]
[WhiteClock "0:01:18"]
[BlackClock "0:00:11"]

1. e4 e5 2. Nf3 Nc6 3. Bb5 a6 4. Ba4 Nf6 5. O-O Be7 6. Re1 b5 7. Bb3 O-O 8. a4 Rb8 9. axb5 axb5 10. c3 d6 11. h3 b4 12. d4 bxc3 13. bxc3 exd4 14. cxd4 d5 15. e5 Ne4 16. Nbd2 Bf5 17. Re3 Nb4 18. Bb2 c5 19. dxc5 Nxc5 20. Nd4 Bg6 21. N2f3 Qb6 22. Ba3 Ne6 23. Bxb4 Bxb4 24. Bxd5 Nxd4 25. Nxd4 Bc5 26. Rb3 Qc7 27. Nc6 Rxb3 28. Qxb3 Qd7 29. Qb5 Bb6 30. Qxb6 1-0

[Event "January 2 Late 2024"]
[Site "https://www.chess.com"]
[Date "2024.01.02"]
[Round "7"]
[White "Kamsky, Gata"]
[Black "Naroditsky, Daniel"]
[Result "1/2-1/2"]
[Board "6"]
[TimeControl "180+1"]
[WhiteFideId "2000024"]
[BlackFideId "2026961"]
[WhiteElo "2966"]
[BlackElo "3146"]
[WhiteTeam "USA"]
[BlackTeam "USA"]
[WhiteClock "0:00:26"]
[BlackClock "0:00:42"]

1. e4 Nf6 2. e5 Nd5 3. d4 d6 4. Nf3 dxe5 5. Nxe5 c6 6. Be2 Bf5 7. O-O Nd7 8. Nf3 e6 9. c4 N5f6 10. Nc3 Bd6 11. d5 exd5 12. cxd5 cxd5 13. Nxd5 Be6 14. Nxf6+ Nxf6 15. Bb5+ Ke7 16. Nd4 Be5 17. Be3 Qd6 18. f4 Bxd4 19. Qxd4 Qxd4 20. Bxd4 Rhc8 21. Rac1 a6 22. Be2 Kf8 23. a3 Bd5 24. Bxf6 gxf6 25. Kf2 h6 26. g3 Ke7 27. Rfd1 Rxc1 28. Rxc1 Rd8 29. Rd1 Rd6 30. Rd4 Be6 31. Rxd6 Kxd6 32. Ke3 a5 33. Kd4 b6 1/2-1/2

[Event "January 2 Late 2024"]
[Site "https://www.chess.com"]
[Date "2024.01.02"]
[Round "7"]
[White "Alekseenko, Kirill"]
[Black "Paravyan, David"]
[Result "0-1"]
[Board "7"]
[TimeControl "180+1"]
[WhiteFideId "4135539"]
[BlackFideId "4194985"]
[WhiteElo "2939"]
[BlackElo "3108"]
[WhiteTeam "AUT"]
[BlackTeam "FID"]
[WhiteClock "0:00:04"]
[BlackClock "0:01:27"]

1. e4 e5 2. Nf3 Nf6 3. Nxe5 d6 4. Nf3 Nxe4 5. Nc3 Nxc3 6. dxc3 Be7 7. Bd3 O-O 8. Be3 Nd7 9. Qe2 Nc5 10. Bxc5 dxc5 11. O-O-O Bd6 12. Rhe1 Qf6 13. Kb1 Bd7 14. Be4 g6 15. Bxb7 Rab8 16. Bd5 Qxc3 17. Bb3 Qb4 18. Ne5 Bb5 19. Nc4 Rfe8 20. c3 Rxe2 21. cxb4 Rxf2 22. Nxd6 cxd6 23. Rxd6 cxb4 24. g4 a5 25. g5 a4 26. Bd5 a3 27. bxa3 bxa3 28. Bb3 Bc4 29. Re3 Rxh2 30. Kc1 Bxb3 31. axb3 a2 32. Ra6 Rc8+ 33. Kd1 a1=Q+ 0-1

[Event "January 2 Late 2024"]
[Site "https://www.chess.com"]
[Date "2024.01.02"]
[Round "7"]
[White "Liascovich, Lucas"]
[Black "Martinez Alcantara, Jose Eduardo"]
[Result "1/2-1/2"]
[Board "8"]
[TimeControl "180+1"]
[WhiteFideId "108634"]
[BlackFideId "3805662"]
[WhiteElo "2919"]
[BlackElo "3049"]
[WhiteTeam "ARG"]
[BlackTeam "PER"]
[WhiteClock "0:00:29"]
[BlackClock "0:00:17"]

1. d4 Nf6 2. Nf3 e6 3. e3 b6 4. Bd3 Bb7 5. O-O d6 6. b3 Nbd7 7. Bb2 g6 8. Nbd2 Bg7 9. c4 O-O 10. Qc2 c5 11. Rfe1 Rc8 12. Rad1 cxd4 13. exd4 d5 14. Qb1 Re8 15. Ne5 Qc7 16. Ndf3 dxc4 17. bxc4 Nxe5 18. Nxe5 Nd7 19. Nxd7 Qxd7 20. Bf1 Red8 21. Qd3 Qa4 22. Qb3 Qa5 23. Bc3 Qg5 24. g3 Qf5 25. Bg2 Bxg2 26. Kxg2 Rc7 27. Ba1 Rdc8 28. d5 Bxa1 29. Rxa1 exd5 30. cxd5 Rc3 31. Qa4 Qxd5+ 32. Kg1 R3c7 33. Rad1 Qc6 34. Qxc6 Rxc6 35. Re7 a5 36. Rdd7 Rf6 37. Rd2 Rc3 38. Rb2 h5 39. h4 Rc5 40. Rb7 Rcc6 41. a4 Kg7 42. Kg2 Rfe6 43. Rb8 Kf6 44. Rb7 Rc4 45. R7xb6 Rxa4 46. Rb7 Ra1 47. Ra7 Kg7 48. Rb5 a4 49. Rb4 a3 50. Rb3 a2 51. Rb2 Rd1 52. Rbxa2 Rf6 53. R7a3 Rdd6 54. Rf3 Rxf3 55. Kxf3 Rf6+ 56. Kg2 Re6 57. Ra3 Rd6 58. Rf3 Re6 59. Rf4 Rd6 60. Rf3 Rd4 61. Re3 Rc4 62. Rf3 Re4 63. Rd3 f6 64. Rf3 Rd4 65. Rc3 Rd7 66. Rc6 Rd4 67. Rc7+ Kh6 68. Rc6 f5 69. Rc7 f4 70. Rb7 Rc4 71. Ra7 Rb4 72. Rc7 fxg3 73. fxg3 Ra4 74. Kh3 Ra1 75. Rd7 Rh1+ 76. Kg2 Rb1 77. Kh3 Rb2 78. Rc7 Rb6 79. Rd7 Rf6 80. Rc7 Re6 81. Rd7 Rc6 82. Re7 Rd6 83. Ra7 Re6 84. Rb7 Rc6 85. Ra7 Rb6 86. Rc7 Rd6 87. Re7 g5 88. hxg5+ Kxg5 89. Re5+ Kg6 90. Ra5 Rf6 91. Ra4 Rf5 92. Ra6+ Kg5 93. Ra4 Rf1 94. Ra5+ Kg6 95. Ra6+ Kg5 96. Ra5+ Kh6 97. Ra6+ Kg7 98. Ra7+ Kg6 99. Ra6+ Kg7 100. Ra7+ Kh6 101. Ra6+ Kg5 102. Ra5+ 1/2-1/2

[Event "January 2 Late 2024"]
[Site "https://www.chess.com"]
[Date "2024.01.02"]
[Round "7"]
[White "Oparin, Grigoriy"]
[Black "Zhigalko, Sergei"]
[Result "1-0"]
[Board "9"]
[TimeControl "180+1"]
[WhiteFideId "24125890"]
[BlackFideId "13502956"]
[WhiteElo "3049"]
[BlackElo "2915"]
[WhiteTeam "USA"]
[BlackTeam "BLR"]
[WhiteClock "0:00:28"]
[BlackClock "0:00:00"]

1. c4 e5 2. Nc3 Nf6 3. Nf3 Nc6 4. d3 Bc5 5. Bg5 h6 6. Bh4 d6 7. e3 Bf5 8. Be2 a5 9. Nd5 g5 10. Nxf6+ Qxf6 11. Bg3 h5 12. h4 g4 13. Ng5 Qg6 14. O-O O-O 15. Kh2 Rae8 16. a3 Bc8 17. b4 axb4 18. axb4 Bxb4 19. f4 exf4 20. Bxf4 Bc3 21. Rb1 Be5 22. Qd2 b6 23. Rb5 Ba6 24. Rd5 Ne7 25. Bxe5 Nxd5 26. Bd4 c5 27. Ba1 g3+ 28. Kg1 Rxe3 29. cxd5 Rfe8 30. Ne6 Rxe2 31. Qxe2 fxe6 32. dxe6 Qxd3 33. Qxd3 Bxd3 34. Rf3 Bc4 35. Rxg3+ Kh7 36. Rg7+ Kh6 37. e7 d5 38. Bf6 d4 39. Kf2 b5 40. Rg5 b4 41. Rxc5 Be6 42. Rc6 Bd5 43. Rd6 Be4 44. Rxd4 Bf5 45. Rxb4 Kg6 46. Bg5 Bg4 47. Rf4 Kg7 48. Rf8 Bd7 49. Rf4 Kg6 50. Ke3 Ra8 51. Rf8 Ra3+ 52. Kd4 Ra4+ 53. Ke5 Ra5+ 54. Kd6 Bb5 55. e8=Q+ Bxe8 56. Rxe8 Ra2 57. g3 Rd2+ 58. Bxd2 1-0

[Event "January 2 Late 2024"]
[Site "https://www.chess.com"]
[Date "2024.01.02"]
[Round "7"]
[White "Pranav, V"]
[Black "Melkumyan, Hrant"]
[Result "0-1"]
[Board "10"]
[TimeControl "180+1"]
[WhiteFideId "25060783"]
[BlackFideId "13302485"]
[WhiteElo "3040"]
[BlackElo "2881"]
[WhiteTeam "IND"]
[BlackTeam "ARM"]
[WhiteClock "0:00:02"]
[BlackClock "0:00:06"]

1. e4 e5 2. Nf3 Nc6 3. Bb5 Nf6 4. d3 Bc5 5. c3 O-O 6. O-O Re8 7. h3 h6 8. Re1 a6 9. Ba4 b5 10. Bb3 d6 11. Nbd2 Be6 12. Nf1 d5 13. Qe2 d4 14. Ng3 a5 15. Bxe6 Rxe6 16. Nf5 Qd7 17. Bd2 Rd8 18. cxd4 Nxd4 19. N3xd4 Bxd4 20. Bxa5 Ba7 21. Rac1 Rc8 22. Qf3 Kh7 23. Bd2 c5 24. Rcd1 Rd8 25. Bc1 Ng8 26. Ne3 f6 27. Nd5 Ne7 28. Nxe7 Qxe7 29. b3 Red6 30. Be3 Qd7 31. Kh2 Kh8 32. Qh5 Qe8 33. Qh4 Kh7 34. Rc1 Rc8 35. Red1 Qd7 36. Qh5 Qe6 37. Qe2 Qd7 38. h4 Qf7 39. g3 Rd7 40. a4 Qxb3 41. Qg4 Rcd8 42. Qf5+ Kh8 43. axb5 Qxb5 44. Bxh6 gxh6 45. Qxf6+ Kh7 46. Qf5+ Kh8 47. Qf6+ Kh7 48. Rb1 Qa4 49. Qf5+ Kh8 50. Qf6+ Kh7 51. Ra1 Qd4 52. Ra6 Rg7 53. Qf5+ Kg8 54. Rxh6 Qd7 55. Qh5 Kf8 56. Rh8+ Ke7 57. Qxe5+ Kf7 58. Rh6 Kg8 59. Qh5 Kf8 60. Re1 c4 61. d4 Bxd4 62. e5 Ke7 63. e6 Qd5 64. Qe2 Rf8 65. f4 c3 66. Qc2 Qc5 67. Rh7 Rg8 68. Rxg7+ Rxg7 69. Qe4 Qd6 70. Qb7+ Kf6 71. Qc8 Ke7 72. Qb7+ Kf6 73. Qc8 Bc5 74. h5 c2 75. Kh3 Ke7 76. Qb7+ Kf6 77. Qc8 Bb6 78. h6 Rh7 79. Qg8 Rxh6+ 80. Kg2 Qd2+ 81. Kf3 Qd3+ 82. Kg2 Qd5+ 83. Kf1 Qf3# 0-1